 Dungeon Crawl Stone Soup version 0.26.0-10-g1f06aea511 (webtiles) character file.

Game seed: 11117385625319625563

3686 Dracia the Slicer (level 10, 0/59 HPs)
             Began as a Kobold Enchanter on Jan 17, 2021.
             Was a Believer of Dithmenos.
             Killed from afar by Harold (12 damage)
             ... with a harpoon shot
             ... on level 9 of the Dungeon on Jan 18, 2021.
             The game lasted 00:25:57 (11605 turns).

Dracia the Slicer (Kobold Enchanter)               Turns: 11605, Time: 00:25:57

Health: 0/59       AC: 15    Str:  5    XL:     10   Next: 35%
Magic:  4/13       EV:  8    Int: 20    God:    Dithmenos [**....]
Gold:   316        SH:  0    Dex: 18    Spells: 1/13 levels left

rFire    . . .     SeeInvis .   M - +1 dagger (elec)
rCold    . . .     Faith    .   (shield restricted)
rNeg     + . .     Spirit   .   I - +2 steam dragon scales
rPois    .         Reflect  .   A - +1 helmet
rElec    .         Harm     .   K - +0 cloak
rCorr    .         Rampage  .   H - +2 pair of gloves
Will     .....                  l - +1 pair of boots
Stlth    ++++++++..             (no amulet)
HPRegen  0.19/turn              Q - ring of stealth
MPRegen  0.13/turn              N - ring of positive energy

@: confusing touch, held, wreathed by umbra
A: small, claws 1, clever 1, nightstalker 3
a: Renounce Religion, Shadow Step


You were on level 9 of the Dungeon.
You worshipped Dithmenos.
Dithmenos was pleased with you.
You visited 2 branches of the dungeon, and saw 10 of its levels.

You collected 316 gold pieces.


Innate Abilities, Weirdness & Mutations

You are small and have problems with some larger weapons.
You are completely attuned to the shadows.
You have sharp fingernails.
Your mind is acute. (Int +2)


   Skills:
 + Level 5.3 Fighting
 - Level 10.0 Short Blades
 - Level 2.4 Dodging
 - Level 9.4 Stealth
 - Level 2.1 Spellcasting
 + Level 8.4 Hexes
 + Level 5.0 Invocations


You had one spell level left.
You knew the following spells:

 Your Spells              Type           Power        Failure   Level
d - Tukima's Dance        Hex            35%          1%          3
l - Dazzling Flash        Conj/Hex       38%          9%          3
o - Confusing Touch       Hex            35%          1%          3
x - Ensorcelled Hibernat  Hex/Ice        38%          4%          2
z - Corona                Hex            38%          1%          1

Your spell library contained the following spells:

 Spells                   Type           Power        Failure   Level
 Animate Skeleton         Necr           4%           16%         1
 Pain                     Necr           8%           16%         1
 Shock                    Conj/Air       8%           16%         1
 Swiftness                Air            2%           24%         2
 Static Discharge         Conj/Air       2%           43%         3
 Vampiric Draining        Necr           1%           43%         3
 Airstrike                Air            1%           83%         4
 Animate Dead             Necr           1%           83%         4
 Agony                    Necr           2%           99%         5
 Lightning Bolt           Conj/Air       1%           99%         5

Inventory:

Hand Weapons
 a - a +2 dagger
 q - a +0 dagger of speed
 C - a -2 short sword
 M - a +1 dagger of electrocution (weapon)
Missiles
 h - 48 poisoned darts
 w - 4 atropa-tipped darts
Armour
 b - a +0 robe
 l - a +1 pair of boots (worn)
 m - a +0 ring mail
 t - a +0 robe of willpower
 A - a +1 helmet (worn)
 F - a +2 pair of gloves
 H - a +2 pair of gloves (worn)
 I - +2 steam dragon scales (worn)
 K - a +0 cloak (worn)
Jewellery
 E - a +6 ring of intelligence {unknown}
 N - a ring of positive energy (right hand)
 Q - a ring of stealth (left hand)
Wands
 j - a wand of flame (13)
 y - a wand of acid (10)
 J - a wand of iceblast (24)
Scrolls
 f - 3 scrolls of magic mapping
 g - 5 scrolls of remove curse {@r2@r2}
 o - a scroll of amnesia
 v - a scroll of fog
 x - 6 scrolls of identify {@r1@r1}
 L - 2 scrolls of teleportation {@r4@r4}
Potions
 c - 2 potions of cancellation {unknown}
 d - 4 potions of brilliance
 e - 3 potions of lignification
 i - 2 potions of heal wounds {unknown}
 k - a potion of mutation
 n - a potion of might {unknown}
 p - 2 potions of attraction
 r - a potion of haste {@q3@q3}
 s - 7 potions of curing {@q1@q1}
 z - a potion of magic
 D - 2 potions of ambrosia {unknown}
 G - a potion of invisibility {unknown}

Dungeon Overview and Level Annotations

Branches:
Dungeon (9/15)             Temple (1/1) D:5
   Lair: D:8-11         Orc: D:9-12

Altars:
Ashenzari
Cheibriados
Dithmenos
Elyvilon
Fedhas
Gozag
Hepliaklqana
Kikubaaqudgha
Makhleb
Nemelex Xobeh
Okawaru
Qazlal
Ru
Sif Muna
Trog
Uskayaw
Vehumet
Wu Jian
Yredelemnul
Zin

Annotations:
D:9 Erolcha, Harold

.....#...##
.....#...#
........###
..........
....#...#.#
##.##...#.#
.. #...#.# #
#.ยง.o.#.##
....#Oo@....
##....o.#.##
#.#...## ..
#.#.#@. .
#...


You could see Harold, Erolcha, an orc warrior, an orc priest and an orc.


Message History

Aiming: Tukima's Dance (safe; 1% risk of failure)
Press: ? - help, Shift-Dir - straight line, f/p - Erolcha
Aim: Erolcha, wielding a +0 giant spiked club and wearing a +2 robe of positive energy (chance to affect: 38%) Erolcha resists with some effort.
The orc priest closely misses you.
An orc warrior comes into view. It is wielding a +0 mace.
The orc completely misses you.
Casting: Tukima's Dance (safe; 1% risk of failure)
Confirm with . or Enter, or press ? or * to list all spells.
Your hands begin to glow red.
Erolcha points at you and mumbles some strange words.
The bolt of lightning hits you!!
The orc priest hits you but does no damage.
The orc barely misses you. Erolcha closely misses you.
The orc priest hits you with a +0 mace!
* * * LOW HITPOINT WARNING * * *
You completely miss Erolcha. The orc warrior closely misses you.
Harold the Weathered comes into view.
He is wielding a +2 halberd of venom and wearing a +3 chain mail of poison resistance.
Blink to where?
Press: ? - help, Dir - move target, p - Erolcha
As you read the scroll of blinking, it crumbles to dust.
Harold throws a throwing net.
The throwing net hits you.
You become entangled in the net!
You tear a large gash into the net.
The orc priest hits you with a +0 mace.
* * * LOW HITPOINT WARNING * * *
The orc hits you but does no damage.
The orc warrior hits you with a +0 mace!
* * * LOW HITPOINT WARNING * * *
Harold fires a harpoon shot at you. The harpoon shot hits you!
You die...

Skill      XL: |  1  2  3  4  5  6  7  8  9 10 |
---------------+-------------------------------+-----
Short Blades   | 2 3 4 5 6 8 9 10 | 10.0
Stealth        | 5 6 7 8 9 |  9.4
Hexes          | 4 5 7 8 |  8.4
Fighting       | 3 5 |  5.3
Invocations    | 3 5 |  5.0
Dodging        | |  2.4
Spellcasting   | |  2.1

Action                   |  1- 3 |  4- 6 |  7- 9 | 10-12 || total
-------------------------+-------+-------+-------+-------++-------
Melee: Dagger            |   100 |   156 |   328 |   258 ||   842
 Cast: Ensorcelled Hiber |    14 |    18 |    43 |    26 ||   101
       Corona            |     1 |       |       |     1 ||     2
       Confusing Touch   |       |     1 |    15 |     4 ||    20
       Tukima's Dance    |       |       |    10 |     2 ||    12
       Dazzling Flash    |       |       |     3 |       ||     3
Evoke: Wand              |       |       |       |     2 ||     2
  Use: Potion            |     2 |       |     3 |       ||     5
       Scroll            |       |     9 |     7 |     4 ||    20
 Stab: Sleeping          |    18 |    27 |    52 |    21 ||   118
       Distracted        |       |     1 |       |       ||     1
       Confused          |       |       |    14 |     4 ||    18
       Invisible         |       |       |     4 |       ||     4
Armor: Skin              |    10 |       |       |       ||    10
       Robe              |     8 |    10 |    71 |       ||    89
       Ring mail         |       |     2 |       |       ||     2
       Steam dragon scal |       |       |     3 |    35 ||    38
Dodge: Dodged            |    70 |    86 |   241 |    72 ||   469

Levels and vault maps discovered:
D:1:      wander_arrival_lonely_grave, layout_loops_corners, minmay_pentomino_t2
D:2:      layout_rooms, old_standard_altar, ashenzari_altar_1
D:3:      layout_rooms, zin_statuary
D:4:      layout_cave_pools, nicolae_qazlal_eye_of_the_storm,
          kennysheep_vampire_church, corexii_item_surrounded_by_moat
D:5:      layout_basic, minmay_temple_entry_wispy, uniq_ijyb, uniq_eustachio,
          uniq_sigmund
D:6:      layout_basic
D:7:      layout_gridville, old_standard_altar, general_overflow_altar,
          minmay_tree_intersection, uniq_maggie, uniq_crazy_yiuf_cottage
D:8:      layout_basic, lemuel_round_altar, old_standard_altar
D:9:      layout_basic, xom_teletrap_fun, lemuel_crystal_altar, uniq_erolcha,
          uniq_harold
Temple:   minmay_temple_forest_path

Notes
Turn   | Place    | Note
-------+----------+-------------------------------------------
     0 | D:1      | Dracia the Kobold Enchanter began the quest for the Orb.
     0 | D:1      | Reached XP level 1. HP: 10/10 MP: 3/3
   421 | D:1      | Reached skill level 2 in Short Blades
   421 | D:1      | Reached XP level 2. HP: 15/15 MP: 5/5
   470 | D:1      | Learned a level 2 spell: Ensorcelled Hibernation
  1205 | D:2      | Reached XP level 3. HP: 13/19 MP: 3/6
  1225 | D:2      | Reached skill level 3 in Short Blades
  1439 | D:2      | Found a basalt altar of Yredelemnul.
  1532 | D:2      | Found a broken altar of Ashenzari.
  2152 | D:2      | Reached XP level 4. HP: 24/24 MP: 2/7
  2758 | D:2      | Learned a level 3 spell: Confusing Touch
  3341 | D:2      | Reached skill level 5 in Stealth
  3414 | D:3      | Reached skill level 4 in Short Blades
  3675 | D:3      | Found a glowing silver altar of Zin.
  3758 | D:3      | Reached XP level 5. HP: 28/28 MP: 3/8
  3919 | D:4      | Reached skill level 5 in Short Blades
  3919 | D:4      | Reached skill level 4 in Hexes
  3919 | D:4      | Reached XP level 6. HP: 32/32 MP: 9/9
  3923 | D:4      | Learned a level 3 spell: Tukima's Dance
  3980 | D:4      | Found a stormy altar of Qazlal.
  4268 | D:4      | Reached skill level 6 in Stealth
  4319 | D:4      | Noticed an ogre
  4323 | D:4      | Killed an ogre
  4324 | D:4      | Reached skill level 6 in Short Blades
  4324 | D:4      | Reached XP level 7. HP: 36/36 MP: 10/10
  4529 | D:4      | Found an ancient bone altar of Kikubaaqudgha.
  4834 | D:5      | Entered Level 5 of the Dungeon
  4975 | D:5      | Found a staircase to the Ecumenical Temple.
  4995 | Temple   | Entered the Ecumenical Temple
  5252 | Temple   | Became a worshipper of Dithmenos the Shadowed
  5330 | D:5      | Reached skill level 7 in Short Blades
  5513 | D:5      | Noticed Sigmund
  5534 | D:5      | Reached skill level 7 in Stealth
  5915 | D:5      | Noticed Ijyb
  5921 | D:5      | Killed Ijyb
  5922 | D:5      | Reached skill level 5 in Hexes
  6225 | D:5      | Noticed Eustachio
  6229 | D:5      | Killed Eustachio
  6230 | D:5      | Reached skill level 8 in Short Blades
  6230 | D:5      | Reached XP level 8. HP: 41/41 MP: 11/11
  6839 | D:5      | Killed Sigmund
  6840 | D:5      | Reached skill level 9 in Short Blades
  6840 | D:5      | Reached skill level 8 in Stealth
  7213 | D:5      | Gained mutation: Your mind is acute. (Int +2) [potion of
                  | mutation]
  7213 | D:5      | Gained mutation: You have sharp fingernails. [potion of
                  | mutation]
  7214 | D:5      | HP: 3/41 [adder (4)]
  7792 | D:6      | Reached XP level 9. HP: 37/45 MP: 8/12
  7871 | D:6      | Learned a level 3 spell: Dazzling Flash
  7879 | D:6      | Reached skill level 6 in Hexes
  8244 | D:7      | Reached skill level 10 in Short Blades
  8428 | D:7      | Reached skill level 9 in Stealth
  8599 | D:7      | Reached skill level 1 in Fighting
  8756 | D:7      | Reached * piety under Dithmenos
  8924 | D:7      | Reached skill level 2 in Fighting
  8924 | D:7      | Reached skill level 1 in Invocations
  8947 | D:7      | Reached skill level 7 in Hexes
  9198 | D:7      | Found an opulent altar of Gozag.
  9370 | D:7      | Noticed Maggie
  9374 | D:7      | Killed Maggie
  9375 | D:7      | Reached skill level 3 in Fighting
  9375 | D:7      | Reached skill level 2 in Invocations
  9391 | D:7      | Found a sparkling altar of Nemelex Xobeh.
  9544 | D:7      | Found a runed translucent door.
  9547 | D:7      | Noticed Crazy Yiuf
  9558 | D:7      | Killed Crazy Yiuf
  9635 | D:8      | Reached skill level 3 in Invocations
  9650 | D:8      | Reached XP level 10. HP: 56/56 MP: 4/13
  9762 | D:8      | Reached skill level 4 in Fighting
  9918 | D:8      | Reached ** piety under Dithmenos
 10021 | D:8      | Found a shimmering blue altar of Sif Muna.
 10187 | D:8      | Found a snail-covered altar of Cheibriados.
 10258 | D:8      | Reached skill level 4 in Invocations
 10450 | D:8      | Reached skill level 8 in Hexes
 10953 | D:8      | Reached skill level 5 in Fighting
 11389 | D:9      | Found a hazy altar of Hepliaklqana.
 11523 | D:9      | Reached skill level 5 in Invocations
 11598 | D:9      | Noticed Erolcha
 11603 | D:9      | Noticed Harold
 11605 | D:9      | Killed from afar by Harold

Vanquished Creatures
  Maggie (D:7)
  Eustachio (D:5)
  2 black bears (D:6)
  4 sky beasts
  An ice beast (D:5)
  A phantom (D:5)
  3 centaurs
  2 eyes of draining (D:8)
  2 ogres
  4 bullfrogs
  A jelly (D:8)
  2 scorpions
  2 vampire bats (D:4)
  3 wights
  3 howler monkeys (D:8)
  A centaur zombie (D:5)
  Crazy Yiuf (D:7)
  A centaur skeleton (D:4)
  2 orc priests (D:8)
  A bullfrog skeleton (D:6)
  4 hounds
  Ijyb (D:5)
  6 orc wizards
  10 worker ants
  3 iguanas
  2 hound skeletons
  3 worker ant zombies
  A howler monkey skeleton (D:5)
  8 adders
  A shadow imp (D:6)
  6 white imps
  3 ufetubi
  2 oozes
  An adder skeleton (D:9)
  3 worms
  8 leopard geckos
  20 orcs
  2 bat skeletons (D:4)
  4 bat zombies (D:4)
  4 giant cockroaches
  8 goblins
  6 hobgoblins
  13 jackals
  9 kobolds
  4 quokkas
  4 bats
  2 frilled lizards
  A jackal skeleton (D:7)
  A quokka skeleton (D:4)
  2 rats
180 creatures vanquished.

Vanquished Creatures (collateral kills)
  Sigmund (D:5)
  2 wights (D:7)
3 creatures vanquished.

Vanquished Creatures (others)
  A fungus (D:7)
1 creature vanquished.

Grand Total: 184 creatures vanquished

Table legend: (Time is in decaauts)
 A = Elapsed time spent in this place.
 B = Non-inter-level travel time spent in this place.
 C = Inter-level travel time spent in this place.
 D = Time resting spent in this place.
 E = Time spent auto-exploring this place.
 F = Levels seen in this place.
 G = Mean time per level.
                   A        B        C        D        E       F      G
               +--------+--------+--------+--------+--------+-----+--------+
         Total |  11160 |  10675 |    485 |   2982 |   6246 |  10 | 1116.0 |
       Dungeon |  10842 |  10431 |    411 |   2982 |   6003 |   9 | 1204.7 |
        Temple |    317 |    244 |     73 |      0 |    243 |   1 |  317.0 |
               +--------+--------+--------+--------+--------+-----+--------+

Top non-repeatable levels by time:
     D:5: 2263 daAuts
     D:2: 1926 daAuts
     D:8: 1598 daAuts
     D:1: 1283 daAuts
     D:7: 1162 daAuts
     D:4: 937 daAuts
     D:6: 883 daAuts
     D:3: 578 daAuts
  Temple: 317 daAuts
     D:9: 208 daAuts

Table legend:
 A = Non-vault XP
 B = Vault XP
 C = Vault XP percentage of total XP
 D = Non-vault monster count
 E = Vault monster count
 F = Vault count percentage of total count
                 A         B        C        D         E       F
            +---------+---------+-------+---------+---------+-------
      Total |    4333 |     934 |  17.7 |     168 |      15 |   8.2
            +---------+---------+-------+---------+---------+-------
        D:1 |      24 |       4 |  14.3 |      11 |       2 |  15.4
        D:2 |      77 |       0 |   0.0 |      29 |       0 |   0.0
        D:3 |      62 |       0 |   0.0 |      13 |       0 |   0.0
        D:4 |     434 |     127 |  22.6 |      14 |       8 |  36.4
        D:5 |     594 |     343 |  36.6 |      23 |       3 |  11.5
        D:6 |     541 |       0 |   0.0 |      14 |       0 |   0.0
        D:7 |     984 |     460 |  31.9 |      29 |       2 |   6.5
        D:8 |    1324 |       0 |   0.0 |      30 |       0 |   0.0
        D:9 |     293 |       0 |   0.0 |       5 |       0 |   0.0
            +---------+---------+-------+---------+---------+-------
